 Dungeon Crawl Stone Soup version 0.24-a0-582-g4d4af813a0 (webtiles) character file.

Game seed: 15518044833218208752

1747 Ijustatesigmund the Shield-Bearer (level 9, 0/72 HPs)
             Began as a Gnoll Fighter on Aug 26, 2019.
             Slain by a two-headed ogre
             ... wielding a +0 giant spiked club
              (14 damage)
             ... on level 9 of the Dungeon.
             The game lasted 00:08:57 (5934 turns).

Ijustatesigmund the Shield-Bearer (Gnoll Fighter)   Turns: 5934, Time: 00:08:58

Health: 0/72       AC:  9    Str: 23    XL:     9   Next: 6%
Magic:  0/14       EV: 11    Int: 11    God:
Gold:   308        SH: 12    Dex: 18    Spells: 15/15 levels left

rFire    . . .     SeeInvis .   a - +1 flail
rCold    . . .     Gourm    .   c - +0 shield
rNeg     . . .     Faith    .   b - +0 scale mail
rPois    +         Spirit   +   (no helmet)
rElec    .         Reflect  .   (no cloak)
rCorr    .         Harm     .   (no gloves)
MR       .....                  h - +0 pair of boots
Stlth    +.........             j - amulet of guardian spirit (curse)
HPRegen  0.22/turn              n - ring of poison resistance
MPRegen  0.14/turn              (no ring)

@: mighty
A: distributed training, fangs 1, strong nose
a: no special abilities


You were on level 9 of the Dungeon.
You were not hungry.

You visited 2 branches of the dungeon, and saw 9 of its levels.

You collected 308 gold pieces.

Inventory:

Hand Weapons
 a - a +1 flail (weapon)
Missiles
 k - 5 silver javelins (quivered)
Armour
 b - a +0 scale mail (worn)
 c - a +0 shield (worn)
 h - a +0 pair of boots (worn)
Jewellery
 j - a cursed amulet of guardian spirit (around neck)
 n - a ring of poison resistance (left hand)
 s - an uncursed ring of resist corrosion {unknown}
Wands
 d - a wand of disintegration (20)
Scrolls
 e - 2 scrolls of amnesia {unknown}
 g - a scroll of enchant weapon
 i - 5 scrolls of identify
 m - a scroll of teleportation
 o - a scroll of blinking {unknown}
Potions
 l - 2 potions of brilliance
 p - a potion of cancellation
 q - a potion of curing
 r - a potion of lignification
 t - a potion of might
 u - 2 potions of invisibility {unknown}
 v - a potion of flight {unknown}
 w - a potion of heal wounds {unknown}
Comestibles
 f - 6 rations
 x - 6 chunks of flesh


   Skills:
 + Level 7.6 Fighting
 + Level 3.7 Short Blades
 + Level 3.7 Long Blades
 + Level 3.7 Axes
 + Level 6.0 Maces & Flails
 + Level 3.7 Polearms
 + Level 3.7 Staves
 + Level 3.7 Slings
 + Level 3.7 Bows
 + Level 3.7 Crossbows
 + Level 3.7 Throwing
 + Level 7.6 Armour
 + Level 3.7 Dodging
 + Level 3.7 Stealth
 + Level 7.6 Shields
 + Level 3.7 Unarmed Combat
 + Level 3.7 Spellcasting
 + Level 3.1 Conjurations
 + Level 3.1 Hexes
 + Level 3.1 Charms
 + Level 3.1 Summonings
 + Level 3.1 Necromancy
 + Level 3.1 Translocations
 + Level 3.1 Transmutations
 + Level 3.1 Fire Magic
 + Level 3.1 Ice Magic
 + Level 3.1 Air Magic
 + Level 3.1 Earth Magic
 + Level 3.1 Poison Magic
 + Level 4.1 Invocations
 + Level 3.7 Evocations


You had 15 spell levels left.
You didn't know any spells.
Your spell library was empty.

Dungeon Overview and Level Annotations

Branches:
Dungeon (9/15)             Temple (1/1) D:4
   Lair: D:8-11         Orc: D:9-12

Altars:
Ashenzari
Dithmenos
Elyvilon
Makhleb
Nemelex Xobeh
Qazlal
Sif Muna
Xom
Yredelemnul
The Shining One
Jiyva

Annotations:
D:4 2 transporters, mistymad's ghost, amateur GnTm


Innate Abilities, Weirdness & Mutations

Your experience applies equally to all skills.
You have very sharp teeth.
Your uncanny sense of smell can sniff out nearby items.


Message History

You hit the orc warrior.
The orc warrior is heavily wounded.
The orc warrior barely misses you.
You barely miss the orc warrior.
You bite the orc warrior, but do no damage.
The orc warrior is heavily wounded.
The orc priest invokes the aid of Beogh against you.
Beogh smites you!
You bludgeon the two-headed ogre!!
The two-headed ogre is moderately wounded.
The two-headed ogre hits you with a +0 giant spiked club!!
The two-headed ogre hits you with a +0 giant club!
You sock the two-headed ogre!
The two-headed ogre is heavily wounded.
You sock the two-headed ogre! You bite the two-headed ogre!
The two-headed ogre is almost dead.
The two-headed ogre hits you with a +0 giant spiked club!!
* * * LOW HITPOINT WARNING * * *
The two-headed ogre hits you with a +0 giant club!
You die...

.## ..# ∆ #.# . #.#
... #.######
...oo##########.......
...o.oO@..$......#
...oo##########.## ...
#.## # #..# ##.#
#######'####
#.[........#
#.........<#
#..........#


You could see a two-headed ogre, an orc warrior, an orc priest, 2 orc wizards
and 2 orcs.

Vanquished Creatures
  Menkaure (D:4)
  A sky beast (D:6)
  A phantom (D:4)
  6 ogres
  A centaur (D:5)
  2 howler monkeys
  A crimson imp (D:6)
  3 bullfrog zombies
  A hound (D:4)
  An orc priest (D:8)
  An iguana (D:6)
  4 orc wizards
  7 worker ants
  12 gnolls
  An adder (D:3)
  A shadow imp (D:4)
  2 oozes
  An adder skeleton (D:4)
  A worm (D:4)
  2 dart slugs
  6 leopard geckos
  17 orcs
  9 bats
  4 giant cockroaches
  8 goblins
  3 hobgoblins (D:1)
  17 jackals
  7 kobolds
  A quokka (D:2)
  2 ball pythons
  8 frilled lizards
  A jackal skeleton (D:8)
  A leopard gecko skeleton (D:4)
  A leopard gecko zombie (D:5)
  5 rats
140 creatures vanquished.

Notes
Turn   | Place    | Note
-------+----------+-------------------------------------------
     0 | D:1      | Ijustatesigmund the Gnoll Fighter began the quest for the
                  | Orb.
     0 | D:1      | Reached XP level 1. HP: 23/23 MP: 1/1
    92 | D:1      | Reached XP level 2. HP: 29/29 MP: 2/2
   274 | D:1      | Reached XP level 3. HP: 35/35 MP: 3/3
   501 | D:1      | Reached skill level 1 in Invocations
   924 | D:2      | Reached skill level 1 in Short Blades
   924 | D:2      | Reached skill level 1 in Long Blades
   924 | D:2      | Reached skill level 1 in Axes
   924 | D:2      | Reached skill level 1 in Polearms
   924 | D:2      | Reached skill level 1 in Staves
   924 | D:2      | Reached skill level 1 in Slings
   924 | D:2      | Reached skill level 1 in Bows
   924 | D:2      | Reached skill level 1 in Crossbows
   924 | D:2      | Reached skill level 1 in Throwing
   924 | D:2      | Reached skill level 1 in Dodging
   924 | D:2      | Reached skill level 1 in Stealth
   924 | D:2      | Reached skill level 1 in Unarmed Combat
   924 | D:2      | Reached skill level 1 in Spellcasting
   924 | D:2      | Reached skill level 1 in Evocations
  1185 | D:2      | Reached XP level 4. HP: 41/41 MP: 5/5
  1485 | D:3      | Reached skill level 1 in Conjurations
  1485 | D:3      | Reached skill level 1 in Hexes
  1485 | D:3      | Reached skill level 1 in Charms
  1485 | D:3      | Reached skill level 1 in Summonings
  1485 | D:3      | Reached skill level 1 in Necromancy
  1485 | D:3      | Reached skill level 1 in Translocations
  1485 | D:3      | Reached skill level 1 in Transmutations
  1485 | D:3      | Reached skill level 1 in Fire Magic
  1485 | D:3      | Reached skill level 1 in Ice Magic
  1485 | D:3      | Reached skill level 1 in Air Magic
  1485 | D:3      | Reached skill level 1 in Earth Magic
  1485 | D:3      | Reached skill level 1 in Poison Magic
  1550 | D:3      | Reached XP level 5. HP: 7/47 MP: 6/6
  2243 | D:3      | Noticed an ogre
  2253 | D:3      | Killed an ogre
  2253 | D:3      | Reached XP level 6. HP: 50/53 MP: 8/8
  2655 | D:4      | Found a staircase to the Ecumenical Temple.
  2704 | D:4      | Reached skill level 5 in Maces & Flails
  2732 | D:4      | Noticed Menkaure
  2741 | D:4      | Killed Menkaure
  2741 | D:4      | Reached XP level 7. HP: 52/59 MP: 8/10
  3402 | D:4      | Reached XP level 8. HP: 58/67 MP: 12/12
  3534 | Temple   | Entered the Ecumenical Temple
  3683 | D:4      | Found a transporter.
  3684 | D:4      | Noticed mistymad's ghost (amateur GnTm)
  3689 | D:4      | Found a transporter.
  4145 | D:5      | Entered Level 5 of the Dungeon
  4145 | D:5      | Found a sparkling altar of Nemelex Xobeh.
  4474 | D:5      | Found a glowing golden altar of the Shining One.
  5541 | D:6      | You fall into a shaft and drop 2 floors!
  5573 | D:8      | Reached XP level 9. HP: 49/72 MP: 10/14
  5925 | D:9      | Noticed a two-headed ogre
  5934 | D:9      | Slain by a two-headed ogre

Levels and vault maps discovered:
D:1:      lightli_molten_gateway, layout_loops_ring, serial_bayou_pond_a
D:2:      layout_loops_corners
D:3:      layout_rooms
D:4:      layout_layer_cave, minmay_temple_entry_gardened_gates,
          gammafunk_ghost_smash, ebering_dispersal_statue_hall, uniq_menkaure
D:5:      layout_basic, nicolae_tso_carved_into_rock, basic_altar, first_ration
D:6:      layout_cave_pods, minmay_ruffians
D:8:      layout_cave_pools, basic_altar, guppyfry_early_elven_hall, uniq_psyche
D:9:      layout_roguey, minitemple, kennysheep_vampire_church
Temple:   pf_slime_end_temple

Skill      XL: |  1  2  3  4  5  6  7  8  9 |
---------------+----------------------------+-----
Invocations    | 1 2 3 4 |  4.1
Short Blades   | 1 2 3 |  3.7
Long Blades    | 1 2 3 |  3.7
Axes           | 1 2 3 |  3.7
Polearms       | 1 2 3 |  3.7
Staves         | 1 2 3 |  3.7
Slings         | 1 2 3 |  3.7
Bows           | 1 2 3 |  3.7
Crossbows      | 1 2 3 |  3.7
Throwing       | 1 2 3 |  3.7
Dodging        | 1 2 3 |  3.7
Stealth        | 1 2 3 |  3.7
Unarmed Combat | 1 2 3 |  3.7
Spellcasting   | 1 2 3 |  3.7
Evocations     | 1 2 3 |  3.7
Conjurations   | 1 2 3 |  3.1
Hexes          | 1 2 3 |  3.1
Charms         | 1 2 3 |  3.1
Summonings     | 1 2 3 |  3.1
Necromancy     | 1 2 3 |  3.1
Translocations | 1 2 3 |  3.1
Transmutations | 1 2 3 |  3.1
Fire Magic     | 1 2 3 |  3.1
Ice Magic      | 1 2 3 |  3.1
Air Magic      | 1 2 3 |  3.1
Earth Magic    | 1 2 3 |  3.1
Poison Magic   | 1 2 3 |  3.1
Maces & Flails | 5 6 |  6.0
Fighting       | 7 |  7.6
Armour         | 7 |  7.6
Shields        | 7 |  7.6

Action                   |  1- 3 |  4- 6 |  7- 9 || total
-------------------------+-------+-------+-------++-------
Melee: Flail             |   104 |   140 |   276 ||   520
       Bite              |    16 |    23 |    46 ||    85
  Use: Potion            |       |     3 |     2 ||     5
       Scroll            |       |       |    10 ||    10
  Eat: Chunk             |       |     6 |     9 ||    15
       Ration            |       |       |     1 ||     1
Armor: Scale mail        |    48 |    58 |    76 ||   182
Dodge: Dodged            |    28 |    59 |   116 ||   203
Block: Shield            |    52 |   105 |   175 ||   332

Table legend:
 A = Non-vault XP
 B = Vault XP
 C = Vault XP percentage of total XP
 D = Non-vault monster count
 E = Vault monster count
 F = Vault count percentage of total count
                 A         B        C        D         E       F
            +---------+---------+-------+---------+---------+-------
      Total |    2324 |     172 |   6.9 |     139 |       1 |   0.7
            +---------+---------+-------+---------+---------+-------
        D:1 |      64 |       0 |   0.0 |      31 |       0 |   0.0
        D:2 |      19 |       0 |   0.0 |      11 |       0 |   0.0
        D:3 |     265 |       0 |   0.0 |      29 |       0 |   0.0
        D:4 |     876 |     172 |  16.4 |      34 |       1 |   2.9
        D:5 |     472 |       0 |   0.0 |      15 |       0 |   0.0
        D:6 |     340 |       0 |   0.0 |      15 |       0 |   0.0
        D:8 |     166 |       0 |   0.0 |       3 |       0 |   0.0
        D:9 |     122 |       0 |   0.0 |       1 |       0 |   0.0
            +---------+---------+-------+---------+---------+-------
